AoeStats
← Hakdonis

Black Forest

509740502Analyzed
4v4 RM · 5d ago on Sep 27, 2026· 59m 56s· 8 players
Game mode
Random Map
Map size
Large (8 player)
Population
200
Speed
Normal
Resources
Standard
Victory
Conquest
Starting age
Dark Age
Ending age
Imperial Age
RankedLock teamsTeams togetherTeam positionsShared explorationLock speedFull tech treeHidden civsTurbo modeCheats
Victory
Defeat
🇪🇸 Bulgarians · Spain
1012
+17
🇷🇸 Britons · Serbia
1009
+17
🇬🇧 Romans · United Kingdom
990
+18
🇩🇪 Celts · Germany
959
+19
1055
-19
🇩🇪 Burgundians · Germany
1025
-18
🇸🇰 Poles · Slovakia
1013
-17
🇮🇳 Franks · India
1006
-17
Hakdonis
1:19 Loom
11:15 Feudal Age
15:52 Castle Age
14:18 Double-Bit Axe
16:07 Fletching
18:03 Bow Saw
18:51 Wheelbarrow
24:58 Stone Mining
24:50 Horse Collar
27:25 Fishing Lines
31:54 Imperial Age
30:26 Hand Cart
30:27 Bodkin Arrow
30:33 Padded Archer Armor
30:43 Forging
30:33 Scale Mail Armor
31:51 Ballistics
31:31 Stronghold
31:56 Gambesons
31:57 Arson
34:06 Chemistry
33:59 Conscription
33:50 Caravan
34:30 Gold Mining
35:06 Town Watch
36:57 Chain Mail Armor
37:17 Iron Casting
38:15 Gold Shaft Mining
37:09 Elite Woad Raider
38:49 Town Patrol
38:43 Gillnets
39:27 Plate Mail Armor
39:57 Blast Furnace
43:06 Heavy Scorpion
43:53 Heavy Plow
47:17 Furor Celtica
51:37 Leather Archer Armor
51:28 Scale Barding Armor
51:21 Murder Holes
51:17 Heated Shot
51:38 Masonry
54:06 Stronghold
57:45 Stone Shaft Mining
57:36 Fortified Wall
57:31 Siege Engineers
57:20 Guard Tower
57:15 Arrowslits
58:07 Coinage
57:47 Guilds
Horahlooks
0:40 Loom
13:45 Feudal Age
14:59 Double-Bit Axe
17:52 Castle Age
18:49 Bow Saw
18:35 Horse Collar
20:09 Town Watch
21:56 Wheelbarrow
24:54 Fortified Wall
26:22 Fishing Lines
29:03 Heavy Plow
29:40 Gillnets
30:55 Hand Cart
33:12 Imperial Age
31:05 Scale Mail Armor
31:15 Forging
30:59 Fletching
31:14 Pikeman
32:41 Town Patrol
32:50 Man-at-Arms
33:30 Squires
33:48 Chain Mail Armor
34:08 Iron Casting
33:45 Gold Mining
33:55 Halberdier
34:46 Long Swordsman
35:50 Conscription
36:19 Ballistas
37:35 Ballistics
38:16 Chemistry
37:36 Scale Barding Armor
38:31 Blast Furnace
37:35 Legionary
43:00 Comitatenses
43:54 Bloodlines
43:44 Husbandry
45:24 Crop Rotation
44:35 Heavy Scorpion
46:39 Capped Ram
47:49 Block Printing
47:47 Redemption
49:40 Siege Engineers
52:18 Siege Ram
ramis7_7
12:11 Feudal Age
12:36 Fishing Lines
12:44 Double-Bit Axe
16:44 Castle Age
17:52 Gillnets
19:57 Bow Saw
21:58 Wheelbarrow
23:36 Forging
23:31 Scale Barding Armor
25:14 Hand Cart
25:24 Horse Collar
26:21 Iron Casting
27:00 Loom
27:43 Gold Mining
27:44 Stone Mining
29:11 Gold Shaft Mining
28:58 Chain Barding Armor
28:28 Fletching
29:29 Bodkin Arrow
29:34 Scale Mail Armor
30:13 Stone Shaft Mining
30:11 Ballistics
30:03 Masonry
29:48 Murder Holes
30:07 Stirrups
31:00 Chain Mail Armor
34:17 Imperial Age
32:20 Caravan
36:04 Blast Furnace
35:34 Plate Mail Armor
35:04 Bracer
35:40 Plate Barding Armor
36:07 Chemistry
35:13 Siege Engineers
35:39 Architecture
35:16 Devotion
35:22 Heavy Plow
36:06 Coinage
35:01 Elite Konnik
35:43 Bagains
36:08 Conscription
37:28 Crop Rotation
37:40 Capped Ram
38:55 Arson
38:55 Gambesons
39:11 Squires
39:25 Bloodlines
39:15 Husbandry
38:44 Siege Ram
43:33 Light Cavalry
45:49 Pikeman
52:22 Banking
Tonik
0:38 Loom
12:50 Feudal Age
14:43 Wheelbarrow
13:55 Double-Bit Axe
13:52 Horse Collar
18:29 Castle Age
16:54 Town Watch
19:46 Bow Saw
19:40 Heavy Plow
20:23 Gold Mining
20:24 Stone Mining
27:00 Hand Cart
28:14 Gold Shaft Mining
27:34 Fletching
27:45 Padded Archer Armor
32:29 Imperial Age
30:36 Ballistics
30:14 Bodkin Arrow
30:34 Leather Archer Armor
30:36 Scale Mail Armor
30:46 Forging
30:20 Treadmill Crane
30:36 Murder Holes
31:19 Masonry
31:21 Fortified Wall
31:11 Pikeman
31:52 Squires
31:37 Arson
32:22 Yeomen
32:29 Caravan
34:24 Chemistry
33:27 Bracer
33:58 Ring Archer Armor
33:44 Chain Mail Armor
34:34 Iron Casting
34:38 Conscription
35:14 Elite Longbowman
37:27 Halberdier
38:49 Plate Mail Armor
39:47 Blast Furnace
39:15 Siege Engineers
39:40 Architecture
41:10 Hoardings
40:06 Sappers
40:38 Warwolf
44:24 Onager
WoWMatus
11:17 Feudal Age
12:40 Feudal Age
13:24 Loom
14:05 Horse Collar
18:24 Castle Age
19:44 Double-Bit Axe
21:41 Bow Saw
26:21 Heavy Plow
27:55 Wheelbarrow
27:07 Town Watch
27:56 Light Cavalry
28:47 Bloodlines
28:37 Husbandry
29:23 Hand Cart
34:07 Imperial Age
31:38 Town Patrol
34:11 Forging
34:06 Scale Barding Armor
35:17 Crop Rotation
34:13 Winged Hussar
36:09 Lechitic Legacy
36:09 Conscription
36:23 Chain Barding Armor
36:42 Iron Casting
41:13 Blast Furnace
40:14 Scale Mail Armor
40:15 Padded Archer Armor
40:05 Fletching
47:37 Elite Obuch
JocKer_War2
0:27 Loom
13:08 Feudal Age
12:25 Double-Bit Axe
13:20 Horse Collar
13:34 Gold Mining
14:50 Wheelbarrow
18:24 Castle Age
17:06 Heavy Plow
17:36 Bow Saw
17:45 Stone Mining
18:34 Gold Shaft Mining
19:56 Hand Cart
29:49 Stone Shaft Mining
29:34 Fortified Wall
33:29 Imperial Age
33:29 Forging
33:21 Scale Mail Armor
33:11 Fletching
33:21 Padded Archer Armor
34:49 Iron Casting
34:00 Pikeman
34:40 Squires
34:25 Arson
35:00 Caravan
34:52 Halberdier
36:50 Chemistry
36:31 Chain Mail Armor
36:11 Bodkin Arrow
36:32 Leather Archer Armor
38:56 Conscription
40:00 Blast Furnace
39:31 Plate Mail Armor
39:53 Bracer
48:21 Crop Rotation
48:53 Two-Man Saw
50:10 Elite Skirmisher
57:17 Imperial Skirmisher
swa-lmhwra
12:23 Feudal Age
16:41 Castle Age
14:34 Double-Bit Axe
17:49 Bow Saw
17:34 Loom
23:38 Gold Mining
26:16 Gold Shaft Mining
25:35 Stone Mining
26:26 Wheelbarrow
30:31 Imperial Age
28:20 Hand Cart
28:43 Forging
28:33 Scale Mail Armor
28:52 Scale Barding Armor
29:11 Squires
28:33 Pikeman
30:13 Iron Casting
31:14 Husbandry
32:19 Blast Furnace
31:36 Chain Mail Armor
31:45 Chain Barding Armor
31:43 Cavalier
32:56 Plate Mail Armor
32:52 Halberdier
33:56 Conscription
34:04 Paladin
37:11 Plate Barding Armor
38:12 Caravan
38:42 Coinage
39:22 Elite Throwing Axeman
50:03 Banking
Bristlak z teba narobi pretlak
10:41 Feudal Age
16:20 Castle Age
14:07 Horse Collar
14:36 Double-Bit Axe
18:18 Loom
19:53 Wheelbarrow
21:13 Fletching
21:53 Bodkin Arrow
25:36 Hand Cart
31:33 Imperial Age
29:09 Heavy Plow
29:34 Bow Saw
33:14 Chemistry
33:46 Two-Man Saw
33:21 Crop Rotation
32:53 Town Watch
34:07 Paper Money
35:04 Bloodlines
34:55 Husbandry
35:08 Bracer
37:54 Ballistics
37:41 Siege Engineers
40:46 Forging
40:41 Scale Barding Armor
42:19 Elite Skirmisher
44:23 Thumb Ring
43:39 Imperial Skirmisher
44:55 Elite Battle Elephant
46:28 Iron Casting
45:54 Padded Archer Armor
47:54 Squires
48:55 Gold Mining
49:23 Chatras
52:44 Scale Mail Armor
Connection lost

Rejoining the realm…

Still unreachable

The connection could not be restored.

Session expired

The server has moved on; the page needs a fresh start.